 Dungeon Crawl Stone Soup version 0.29-a0-234-g0dae59b3db (webtiles) character file.

Game seed: 16308332969169556925

7524 fragbeetle the Destroyer (level 11, -11/81 HPs)
             Began as a Gnoll Conjurer on Mar 2, 2022.
             Was an Initiate of Ashenzari.
             Mangled by a skeletal warrior
             ... wielding a +0 war axe
              (21 damage)
             ... on level 9 of the Dungeon.
             The game lasted 00:31:18 (12735 turns).

fragbeetle the Destroyer (Gnoll Conjurer)          Turns: 12735, Time: 00:31:19

Health: -11/81     AC: 10    Str: 10    XL:     11   Next: 16%
Magic:  11/31      EV: 14    Int: 19    God:    Ashenzari [......]
Gold:   489        SH:  5    Dex: 10    Spells: 10/25 levels left

rFire   . . .      SeeInvis .   R - +3 scimitar
rCold   + . .      Faith    .   (no shield)
rNeg    . . .      Spirit   .   P - +0 steam dragon scales
rPois   .          Reflect  +   (no helmet)
rElec   +          Harm     .   (no cloak)
rCorr   .          Rampage  .   g - +0 pair of gloves
Will    ++...                   r - +2 pair of boots
Stlth   ++........              B - amulet of reflection
HPRegen 0.23/turn               C - ring "Sipeosch" {rElec rC+ Will++ Stlth-}
MPRegen 0.22/turn               S - ring of magical power

@: no status effects
A: fangs 1, strong nose, distributed training
a: Renounce Religion


You were on level 9 of the Dungeon.
You worshipped Ashenzari.
Ashenzari was noncommittal.
You visited 2 branches of the dungeon, and saw 10 of its levels.
You also visited: Ossuary.

You collected 567 gold pieces.
You spent 78 gold pieces at shops.

Inventory:

Hand Weapons
 b - a +1 mace of protection
 j - a +0 hunting sling
 E - a +3 short sword of freezing
 N - a +3 battleaxe of freezing
 R - a +3 scimitar (weapon)
 T - a +3 great sword
Missiles
 k - 6 boomerangs
 o - 2 throwing nets
 t - 25 poisoned darts
Armour
 f - a +1 ring mail of cold resistance
 g - a +0 pair of gloves (worn)
 r - a +2 pair of boots (worn)
 P - +0 steam dragon scales (worn)
Magical Staves
 K - a staff of poison
 L - a staff of fire
Jewellery
 c - an amulet of the acrobat
 B - an amulet of reflection (around neck)
 C - the ring "Sipeosch" (left hand) {rElec rC+ Will++ Stlth-}
   (You found it on level 5 of the Dungeon)

   [ring of protection from cold]

   rC:        It protects you from cold.
   rElec:     It insulates you from electricity.
   Will:      It greatly increases your willpower.
   Stlth:     It makes you less stealthy.
 M - a ring of willpower
 S - a ring of magical power (right hand)
Wands
 p - a wand of polymorph (5)
 O - a wand of flame (6)
 Q - a wand of paralysis (5)
Scrolls
 e - 7 scrolls of identify {unknown}
 i - 2 scrolls of enchant weapon {unknown}
 n - 2 scrolls of noise {unknown}
 q - a scroll of fog {unknown}
 s - 2 scrolls of magic mapping {unknown}
 u - 2 scrolls of vulnerability {unknown}
 v - a scroll of fear {unknown}
 x - 2 scrolls of summoning {unknown}
 y - a scroll of enchant armour {unknown}
 D - 2 scrolls of immolation {unknown}
 F - 2 scrolls of blinking {unknown}
 H - a scroll of amnesia
 J - a scroll of acquirement {unknown}
Potions
 a - 2 potions of attraction
 d - 2 potions of brilliance {unknown}
 h - 5 potions of curing {unknown}
 l - 5 potions of haste {unknown}
 m - a potion of degeneration {unknown}
 w - 2 potions of berserk rage {unknown}
 z - a potion of mutation {unknown}
 A - 2 potions of cancellation {unknown}
 G - 2 potions of magic {unknown}
 I - a potion of lignification {unknown}


   Skills:
 + Level 6.0 Fighting
 + Level 6.0 Short Blades
 + Level 6.0 Long Blades
 + Level 6.0 Axes
 + Level 6.0 Maces & Flails
 + Level 6.0 Polearms
 + Level 6.0 Staves
 + Level 6.0 Slings
 + Level 6.0 Bows
 + Level 6.0 Crossbows
 + Level 6.0 Throwing
 + Level 6.0 Armour
 + Level 7.6 Dodging
 + Level 7.4 Stealth
 + Level 6.0 Shields
 + Level 6.0 Unarmed Combat
 + Level 7.9 Spellcasting
 + Level 8.8 Conjurations
 + Level 5.0 Hexes
 + Level 5.0 Summonings
 + Level 5.0 Necromancy
 + Level 5.0 Translocations
 + Level 5.0 Transmutations
 + Level 5.0 Fire Magic
 + Level 5.0 Ice Magic
 + Level 5.0 Air Magic
 + Level 5.0 Earth Magic
 + Level 5.0 Poison Magic
 + Level 6.6 Invocations
 + Level 6.0 Evocations


You had 10 spell levels left.
You knew the following spells:

 Your Spells              Type           Power      Damage    Failure   Level
a - Magic Dart            Conj           100%       1d8       1%          1
b - Searing Ray           Conj           82%        2d7       1%          2
c - Fulminant Prism       Conj/Hex       16%        3d11      5%          4
d - Summon Lightning Spi  Summ/Air       26%        N/A       12%         4
e - Iskenderun's Mystic   Conj/Tloc      33%        2d8       5%          4

Your spell library contained the following spells:

 Spells                   Type           Power      Damage    Failure   Level
 Animate Skeleton         Necr           52%        N/A       1%          1
 Apportation              Tloc           52%        N/A       1%          1
 Pain                     Necr           100%       1d9       1%          1
 Summon Small Mammal      Summ           100%       N/A       1%          1
 Ensorcelled Hibernation  Hex/Ice        52%        N/A       1%          2
 Static Discharge         Conj/Air       33%        N/A       1%          2
 Dazzling Flash           Conj/Hex       66%        N/A       1%          3
 Call Canine Familiar     Summ           26%        N/A       3%          3
 Spider Form              Tmut/Pois      26%        N/A       3%          3
 Summon Guardian Golem    Hex/Summ       26%        N/A       3%          3
 Vampiric Draining        Necr           26%        2d7       3%          3
 Anguish                  Hex/Necr       13%        N/A       12%         4
 Lightning Bolt           Conj/Air       16%        1d30      16%         5
 Alistair's Intoxication  Tmut/Pois      17%        N/A       32%         5
 Storm Form               Tmut/Air       13%        N/A       100%        7
 Maxwell's Capacitive Co  Air            13%        ∞         100%        8


Dungeon Overview and Level Annotations

Branches:
Dungeon (9/15)             Temple (1/1) D:6            Lair (0/6) D:8
Ossuary (visited)
    Orc: D:9-12

Altars:
Ashenzari
Cheibriados
Dithmenos
Elyvilon
Fedhas
Gozag
Hepliaklqana
Makhleb
Nemelex Xobeh
Okawaru
Qazlal
Ru
Sif Muna
Trog
Uskayaw
Vehumet
Wu Jian
Xom
Yredelemnul
Zin
The Shining One

Shops:
D:1 (   D:6 *


Innate Abilities, Weirdness & Mutations

You have very sharp teeth.
Your uncanny sense of smell can sniff out nearby items.
Your experience applies equally to all skills.


Message History

Unknown command.
Casting: Fulminant Prism (dangerous; 5% risk of failure)
Confirm with . or Enter, or press ? or * to list all spells.
Aiming: Searing Ray (safe; 1% risk of failure)
Press: ? - help, Shift-Dir - straight line, f - fulminant prism
Aim: a fulminant prism (friendly, 100% to hit)
Really fire at your fulminant prism?
Okay, then.
Unknown command.
Casting: Searing Ray (safe; 1% risk of failure)
Confirm with . or Enter, or press ? or * to list all spells.
Aiming: Searing Ray (safe; 1% risk of failure)
Press: ? - help, Shift-Dir - straight line, p - fulminant prism The searing ray hits the skeletal warrior but does no damage.
The skeletal warrior is severely damaged. (Press . to maintain the ray.)
You block the skeletal warrior's attack.
Your fulminant prism explodes!
The blast of energy engulfs the skeletal warrior but does no damage.
The skeletal warrior is severely damaged.
You hear a hideous shriek!
The searing ray hits the skeletal warrior!
The skeletal warrior is severely damaged.
The skeletal warrior hits you with a +0 war axe!!
The searing ray hits the skeletal warrior but does no damage.
The skeletal warrior is severely damaged.
The skeletal warrior hits you but does no damage.
The searing ray hits the skeletal warrior.
The skeletal warrior is severely damaged.
You finish channelling your searing ray.
The skeletal warrior hits you with a +0 war axe!!
* * * LOW HITPOINT WARNING * * *
Unknown command.
Casting: Searing Ray (safe; 1% risk of failure)
Confirm with . or Enter, or press ? or * to list all spells.
You erupt in a blast of force!
The mystic blast hits the skeletal warrior but does no damage.
The skeletal warrior is severely damaged.
The skeletal warrior hits you with a +0 war axe!!
You die...

# #.##..##.##.##.#####[##.#..)
#. #......#(.........##[##...#.
#.###.##...#.##.##.##.##[#####.#
#.....##.......<##.##.##.# #.##
###.####.....#####.....[.# ##.#
#[# ####### ####.#### #.. #)#
#.# #.. #)# ########.# #..
#)##########.@z...#.# #..
#....#.......####.#.#### #..
####>#.......####.#[#..#######
#.#..........#......?.....z
#.#.......##.#..#.<........
#.#.......##.#..#.######..#
#.#...>.>.........# #
###.#####......#..#.# #)..#
#.####.#..#.#


You could see a skeletal warrior.

Vanquished Creatures
  Maggie (D:9)
  A komodo dragon (D:8)
  Grinder (D:5)
  A flying skull (D:8)
  6 yaks (D:8)
  4 wraiths (D:9)
  A wyvern (D:9)
  3 steam dragons
  Menkaure (D:4)
  2 water moccasins
  Edmund (D:6)
  3 orc warriors
  A black bear (D:6)
  A hornet zombie (D:6)
  3 ogres
  2 centaurs
  2 lemures
  A phantom (D:7)
  An elf zombie (Ossuary)
  A kobold brigand (D:8)
  3 scorpions
  A bullfrog (D:7)
  3 necrophages (D:6)
  A wyvern zombie (D:6)
  16 wights
  7 killer bees
  A howler monkey (D:6)
  3 hounds
  2 bullfrog zombies (D:6)
  9 orc priests
  5 centaur zombies
  5 centaur skeletons (D:9)
  2 human zombies (Ossuary)
  Terence (D:2)
  3 gnoll shamans
  3 iguanas
  8 orc wizards
  A killer bee zombie (D:6)
  A howler monkey zombie (D:9)
  2 mummies (Ossuary)
  2 howler monkey skeletons (D:9)
  2 adders
  11 gnolls
  A shadow imp (D:7)
  4 white imps
  3 ufetubi
  A worm (D:2)
  4 dart slugs
  24 orcs
  5 ball pythons
  5 endoplasms
  2 giant cockroaches (D:3)
  8 hobgoblins
  5 jackals
  13 kobolds
  6 quokkas
  8 bats
  A frilled lizard (D:2)
  8 goblins
  2 goblin zombies (Ossuary)
  11 hobgoblin zombies (Ossuary)
  3 jackal zombies (Ossuary)
  6 kobold zombies (Ossuary)
  10 orc zombies (Ossuary)
  2 rats (D:1)
  A rat zombie (Ossuary)
262 creatures vanquished.

Vanquished Creatures (others)
  An orc wizard (D:8)
  A white imp (D:5)
  6 bushes (D:6)
  9 fulminant prisms
  31 plants
48 creatures vanquished.

Grand Total: 310 creatures vanquished

Notes
Turn   | Place    | Note
-------+----------+-------------------------------------------
     0 | D:1      | fragbeetle the Gnoll Conjurer began the quest for the Orb.
     0 | D:1      | Reached XP level 1. HP: 13/13 MP: 6/6
   175 | D:1      | Reached XP level 2. HP: 19/19 MP: 2/7
   178 | D:1      | Learned a level 2 spell: Searing Ray
   323 | D:1      | Found Xauhav's Antique Weapon Shoppe.
   696 | D:1      | Reached XP level 3. HP: 25/25 MP: 6/9
   747 | D:1      | Reached skill level 5 in Spellcasting
  1328 | D:2      | Reached skill level 1 in Invocations
  1527 | D:2      | Reached skill level 1 in Fighting
  1527 | D:2      | Reached skill level 1 in Short Blades
  1527 | D:2      | Reached skill level 1 in Long Blades
  1527 | D:2      | Reached skill level 1 in Axes
  1527 | D:2      | Reached skill level 1 in Maces & Flails
  1527 | D:2      | Reached skill level 1 in Polearms
  1527 | D:2      | Reached skill level 1 in Staves
  1527 | D:2      | Reached skill level 1 in Slings
  1527 | D:2      | Reached skill level 1 in Bows
  1527 | D:2      | Reached skill level 1 in Crossbows
  1527 | D:2      | Reached skill level 1 in Throwing
  1527 | D:2      | Reached skill level 1 in Armour
  1527 | D:2      | Reached skill level 1 in Shields
  1527 | D:2      | Reached skill level 1 in Unarmed Combat
  1527 | D:2      | Reached skill level 1 in Evocations
  1683 | D:2      | Reached XP level 4. HP: 32/32 MP: 8/11
  1749 | D:2      | Noticed Terence
  1755 | D:2      | Killed Terence
  1756 | D:2      | Reached skill level 1 in Hexes
  1756 | D:2      | Reached skill level 1 in Summonings
  1756 | D:2      | Reached skill level 1 in Necromancy
  1756 | D:2      | Reached skill level 1 in Translocations
  1756 | D:2      | Reached skill level 1 in Transmutations
  1756 | D:2      | Reached skill level 1 in Fire Magic
  1756 | D:2      | Reached skill level 1 in Ice Magic
  1756 | D:2      | Reached skill level 1 in Air Magic
  1756 | D:2      | Reached skill level 1 in Earth Magic
  1756 | D:2      | Reached skill level 1 in Poison Magic
  2368 | D:2      | Learned a level 4 spell: Fulminant Prism
  2404 | D:3      | Reached XP level 5. HP: 37/37 MP: 2/12
  2725 | D:3      | Found a sacrificial altar of Ru.
  2725 | D:3      | Found a stormy altar of Qazlal.
  3104 | D:3      | Found a radiant altar of Vehumet.
  3289 | D:3      | Found an ornate altar of the Wu Jian Council.
  3422 | D:4      | Noticed an ogre
  3429 | D:4      | Killed an ogre
  3430 | D:4      | Reached XP level 6. HP: 44/44 MP: 5/14
  3528 | D:4      | Noticed Menkaure
  3538 | D:4      | Killed Menkaure
  3539 | D:4      | Reached skill level 5 in Dodging
  3601 | D:4      | Found a sand-covered staircase.
  3752 | Ossuary  | Entered an ossuary
  3952 | Ossuary  | Reached XP level 7. HP: 47/50 MP: 11/15
  4277 | D:4      | Found a burning altar of Makhleb.
  4588 | D:4      | Found a hide-covered altar of Uskayaw.
  4723 | D:5      | Entered Level 5 of the Dungeon
  4858 | D:5      | Reached skill level 5 in Stealth
  4859 | D:5      | Noticed Pikel
  5083 | D:5      | Noticed Grinder
  5175 | D:5      | Reached XP level 8. HP: 57/57 MP: 9/16
  5317 | D:5      | Identified the ring "Sipeosch" {rElec rC+ Will++ Stlth-}
  5358 | D:5      | Killed Grinder
  5642 | D:5      | Noticed Pikel
  5642 | D:5      | Pikel changed into Pikel the scorpion
  5648 | D:5      | Killed Pikel the scorpion
  6463 | D:6      | Reached XP level 9. HP: 65/65 MP: 14/18
  6590 | D:6      | Found a hazy altar of Hepliaklqana.
  6606 | D:6      | Found Aocro's Alliterative Accessories.
  6614 | D:6      | Bought a potion of attraction for 36 gold pieces
  6614 | D:6      | Bought a scroll of amnesia for 42 gold pieces
  7035 | D:6      | Found a blossoming altar of Fedhas.
  7040 | D:6      | Noticed Edmund
  7043 | D:6      | Reached skill level 8 in Conjurations
  7051 | D:6      | Killed Edmund
  7510 | D:6      | Found a staircase to the Ecumenical Temple.
  7813 | Temple   | Entered the Ecumenical Temple
  8468 | D:7      | Found a sparkling altar of Nemelex Xobeh.
  8684 | D:7      | Reached skill level 5 in Invocations
  8745 | D:7      | Found a broken altar of Ashenzari.
  8984 | D:8      | Found a staircase to the Lair.
  8985 | D:8      | Noticed a komodo dragon
  9005 | D:8      | Killed a komodo dragon
  9227 | D:8      | Reached XP level 10. HP: 66/73 MP: 13/20
  9430 | D:8      | Found a white marble altar of Elyvilon.
  9582 | D:8      | Reached skill level 5 in Fighting
  9582 | D:8      | Reached skill level 5 in Short Blades
  9582 | D:8      | Reached skill level 5 in Long Blades
  9582 | D:8      | Reached skill level 5 in Axes
  9582 | D:8      | Reached skill level 5 in Maces & Flails
  9582 | D:8      | Reached skill level 5 in Polearms
  9582 | D:8      | Reached skill level 5 in Staves
  9582 | D:8      | Reached skill level 5 in Slings
  9582 | D:8      | Reached skill level 5 in Bows
  9582 | D:8      | Reached skill level 5 in Crossbows
  9582 | D:8      | Reached skill level 5 in Throwing
  9582 | D:8      | Reached skill level 5 in Armour
  9582 | D:8      | Reached skill level 5 in Shields
  9582 | D:8      | Reached skill level 5 in Unarmed Combat
  9582 | D:8      | Reached skill level 5 in Evocations
 10737 | D:9      | Learned a level 4 spell: Summon Lightning Spire
 10812 | D:9      | Noticed Maggie
 10833 | D:9      | Killed Maggie
 11007 | D:9      | Found a glowing silver altar of Zin.
 11180 | D:7      | Became a worshipper of Ashenzari the Shackled
 12023 | D:8      | Learned a level 4 spell: Iskenderun's Mystic Blast
 12114 | D:9      | Reached XP level 11. HP: 78/81 MP: 20/22
 12167 | D:9      | Noticed a skeletal warrior
 12176 | D:9      | Noticed a skeletal warrior
 12617 | D:9      | Reached skill level 5 in Hexes
 12617 | D:9      | Reached skill level 5 in Summonings
 12617 | D:9      | Reached skill level 5 in Necromancy
 12617 | D:9      | Reached skill level 5 in Translocations
 12617 | D:9      | Reached skill level 5 in Transmutations
 12617 | D:9      | Reached skill level 5 in Fire Magic
 12617 | D:9      | Reached skill level 5 in Ice Magic
 12617 | D:9      | Reached skill level 5 in Air Magic
 12617 | D:9      | Reached skill level 5 in Earth Magic
 12617 | D:9      | Reached skill level 5 in Poison Magic
 12735 | D:9      | Mangled by a skeletal warrior

Illustrated notes

Levels and vault maps discovered:
D:1:      psy_arrival_statuary, layout_basic, serial_shops, shop
D:2:      layout_basic, guppyfry_early_orc_mine, uniq_terence
D:3:      layout_basic, lemuel_coloured_pillars_altar,
          mainiacjoe_overflow_24_doors,
          chequers_temple_overflow_statue_of_worship
D:4:      layout_loops_ring, eat_drink_and_be_merry_uskayaw,
          lightli_temple_of_fire, chequers_ossuary_entry_cave, uniq_menkaure
D:5:      layout_basic, lemuel_flamethrower_2, uniq_grinder, uniq_pikel
D:6:      layout_loops_ring, nicolae_hepliaklqana_hazy_memory,
          fedhas_altar_decomposition, temple_hall, nicolae_alphabet_shops,
          serial_bayou_ford_a, uniq_edmund
D:7:      layout_cave_pools, lemuel_doored_altar, mainiacjoe_overflow_paths,
          corexii_corridor_pit, minivault_1
D:8:      layout_basic, elyvilon_altar_1, david_lair_shrubbed, hex_large
D:9:      hangedman_screamer, layout_loops_cross, lemuel_crystal_altar,
          nicolae_figureground_sparkle, uniq_maggie
Temple:   grunt_temple_mini_profane

Skill      XL: |  1  2  3  4  5  6  7  8  9 10 11 |
---------------+----------------------------------+-----
Spellcasting   | 5 6 7 |  7.9
Invocations    | 1 2 3 4 5 6 |  6.6
Fighting       | 1 2 3 4 5 6 |  6.0
Short Blades   | 1 2 3 4 5 6 |  6.0
Long Blades    | 1 2 3 4 5 6 |  6.0
Axes           | 1 2 3 4 5 6 |  6.0
Maces & Flails | 1 2 3 4 5 6 |  6.0
Polearms       | 1 2 3 4 5 6 |  6.0
Staves         | 1 2 3 4 5 6 |  6.0
Slings         | 1 2 3 4 5 6 |  6.0
Bows           | 1 2 3 4 5 6 |  6.0
Crossbows      | 1 2 3 4 5 6 |  6.0
Throwing       | 1 2 3 4 5 6 |  6.0
Armour         | 1 2 3 4 5 6 |  6.0
Shields        | 1 2 3 4 5 6 |  6.0
Unarmed Combat | 1 2 3 4 5 6 |  6.0
Evocations     | 1 2 3 4 5 6 |  6.0
Hexes          | 1 2 3 4 5 |  5.0
Summonings     | 1 2 3 4 5 |  5.0
Necromancy     | 1 2 3 4 5 |  5.0
Translocations | 1 2 3 4 5 |  5.0
Transmutations | 1 2 3 4 5 |  5.0
Fire Magic     | 1 2 3 4 5 |  5.0
Ice Magic      | 1 2 3 4 5 |  5.0
Air Magic      | 1 2 3 4 5 |  5.0
Earth Magic    | 1 2 3 4 5 |  5.0
Poison Magic   | 1 2 3 4 5 |  5.0
Dodging        | 5 6 7 |  7.6
Stealth        | 5 6 7 |  7.4
Conjurations   | 8 |  8.8

Action                   |  1- 3 |  4- 6 |  7- 9 | 10-12 || total
-------------------------+-------+-------+-------+-------++-------
Melee: Mace              |     4 |   103 |   113 |       ||   220
       Bite              |     1 |    20 |    11 |    21 ||    53
       Punch             |       |     2 |     3 |     6 ||    11
       Halberd           |       |       |    17 |    62 ||    79
       Scimitar          |       |       |       |    91 ||    91
Throw: Boomerang         |       |     1 |       |       ||     1
 Cast: Magic Dart        |    64 |    42 |    47 |    16 ||   169
       Searing Ray       |     2 |     8 |    59 |    41 ||   110
       Fulminant Prism   |       |       |     1 |     8 ||     9
       Iskenderun's Myst |       |       |       |     2 ||     2
Evoke: Wand              |       |       |     4 |     2 ||     6
 Stab: Distracted        |       |       |       |     1 ||     1
Armor: Ring mail         |     4 |    70 |   100 |    22 ||   196
       Steam dragon scal |       |       |       |    50 ||    50
Dodge: Dodged            |     7 |   111 |   104 |   147 ||   369
Block: Other             |       |       |    44 |    62 ||   106
       Reflection        |       |       |       |     1 ||     1

Table legend: (Time is in decaauts)
 A = Elapsed time spent in this place.
 B = Non-inter-level travel time spent in this place.
 C = Inter-level travel time spent in this place.
 D = Time resting spent in this place.
 E = Time spent auto-exploring this place.
 F = Levels seen in this place.
 G = Mean time per level.
                   A        B        C        D        E       F      G
               +--------+--------+--------+--------+--------+-----+--------+
         Total |  12855 |  12073 |    782 |   1684 |   7842 |  11 | 1168.6 |
       Dungeon |  12108 |  11364 |    744 |   1684 |   7466 |   9 | 1345.3 |
        Temple |    211 |    174 |     37 |      0 |    171 |   1 |  211.0 |
       Ossuary |    534 |    534 |      0 |      0 |    205 |   1 |  534.0 |
               +--------+--------+--------+--------+--------+-----+--------+

Top non-repeatable levels by time:
     D:8: 2606 daAuts
     D:6: 1885 daAuts
     D:1: 1325 daAuts
     D:5: 1211 daAuts
     D:9: 1145 daAuts
     D:4: 1118 daAuts
     D:2: 1111 daAuts
     D:3: 914 daAuts
     D:7: 790 daAuts
 Ossuary: 534 daAuts
  Temple: 211 daAuts
